 Dungeon Sprint DCSS version 0.30-a0-12-gd8047c6341 (webtiles) character file.

Game seed: 4537619269075176322

9288 mhtbhm the Ninja (level 11, -15/87 HPs)
             Began as a Spriggan Brigand on Aug 23, 2022.
             Was the Champion of Dithmenos.
             Demolished by Frances
             ... wielding a +2 war axe of holy wrath
              (27 damage)
             ... in the Dungeon (Sprint III: "The Ten Rune Challenge") on Aug 24, 2022.
             The game lasted 00:06:00 (1508 turns).

mhtbhm the Ninja (Spriggan Brigand)                 Turns: 1508, Time: 00:06:01

Health: -15/87     AC:  4    Str:  7    XL:     11   Next: 21%
Magic:  20/20      EV: 24    Int: 12    God:    Dithmenos [******]
Gold:   2082       SH:  0    Dex: 22    Spells: 10/10 levels left

rFire   . . .      SeeInvis +    a - +2 dagger (vamp)
rCold   . . .      Faith    .    (no shield)
rNeg    . . .      Spirit   .    b - +3 troll leather armour {Snorg}
rPois   .          Reflect  .    (helmet restricted)
rElec   .          Harm     .    c - +0 cloak
rCorr   .          Rampage  .    (gloves unavailable)
Will    +....      Clarity  +    (boots unavailable)
Stlth   .......... NoTele   +    (no amulet)
HPRegen 1.04/turn                (no ring)
MPRegen 0.17/turn                (no ring)

@: berserking, corroded, slowed, wreathed by umbra, very quick
A: very small, no large weapons, unfitting armour, see invisible, speed 3,
clarity, sense surroundings 1
a: Renounce Religion, Shadow Step, Shadow Form


You were in the Dungeon.
You worshipped Dithmenos.
Dithmenos was exalted by your worship.
You visited 1 branch You collected 2082 gold pieces.

Inventory:

Hand Weapons
 a - a +2 vampiric dagger (weapon)
Missiles
 d - 5 poisoned darts (quivered)
Armour
 b - a +3 troll leather armour (worn) {Snorg}
 c - a +0 cloak (worn)
Scrolls
 k - a scroll of blinking
Potions
 f - a potion of curing
 g - a potion of might
 i - 2 potions of magic
 j - a potion of berserk rage
 n - a potion of lignification {unknown}
 o - 2 potions of flight
 r - 3 potions of mutation
Miscellaneous
 s - a tin of tremorstones (inert)


   Skills:
 + Level 6.5 Fighting
 + Level 10.0 Short Blades
 + Level 9.8 Throwing
 + Level 4.1 Armour
 + Level 9.5 Dodging
 O Level 27 Stealth
 * Level 11.5 Invocations
 + Level 3.9 Evocations


You had 10 spell levels left.
You didn't know any spells.
Your spell library contained the following spells:

 Spells                   Type           Power      Damage    Failure   Level
 Ozocubu's Armour         Ice            0%         N/A       82%         3
 Ozocubu's Refrigeration  Ice            0%         4d7       100%        7


Dungeon Overview and Level Annotations

Branches:
Dungeon (1/1)

Altars:
Cheibriados
Dithmenos
Elyvilon
Fedhas
Gozag
Hepliaklqana
Kikubaaqudgha
Makhleb
Nemelex Xobeh
Okawaru
Qazlal
Ru
Sif Muna
Trog
Uskayaw
Vehumet
Wu Jian
Xom
Yredelemnul
Zin
The Shining One
Jiyva
Lugonu

Shops:
D (

Annotations:
D Donald, Frances


Innate Abilities, Weirdness & Mutations

You are very small and have problems with some larger weapons.
You are too small for most types of armour.
You have supernaturally acute eyesight. (SInv)
You cover ground extremely quickly. (Speed+++)
You possess an exceptional clarity of mind.
You passively map a small area around you.


Message History

Frances hits you with a +2 war axe of holy wrath!
* * * LOW HITPOINT WARNING * * *
Frances completely misses you. The rust devil misses you.
You puncture Frances!
Frances is heavily wounded.
Your shadow hits Frances with a dagger.
Frances mutters in a terrible tongue.
The iron shot misses you. The rust devil hits you. The rust devil corrodes you!
Press: ? - help, v - describe, . - travel
Here: Frances, wielding a +2 war axe of holy wrath and quivering curare-tipped darts (black smoke, heavily wounded, fast, extremely poisoned, umbra)
The floor, spattered with blood.
Unknown command.
Press: ? - help, v - describe, . - travel
Here: Frances, wielding a +2 war axe of holy wrath and quivering curare-tipped darts (black smoke, heavily wounded, fast, extremely poisoned, umbra)
The floor, spattered with blood.
You hit Frances.
You feel better.
Frances is heavily wounded.
Your shadow hits Frances with a dagger. Frances closely misses you.
You hit Frances.
You feel better.
Frances is severely wounded.
Your shadow hits Frances with a dagger. The rust devil closely misses you.
Frances completely misses you.
You puncture Frances!
You feel better.
Frances is severely wounded.
Your shadow hits Frances with a dagger. You hit Frances.
Frances is severely wounded.
Frances hits you with a +2 war axe of holy wrath!
* * * LOW HITPOINT WARNING * * *
The rust devil completely misses you.
You barely miss Frances.
Frances is severely wounded.
Your shadow hits Frances with a dagger.
Frances hits you with a +2 war axe of holy wrath!
* * * LOW HITPOINT WARNING * * *
You puncture Frances!
Frances is almost dead.
The rust devil completely misses you.
Frances hits you with a +2 war axe of holy wrath!!
You die...

.#*,*,,,~~~,,,,,,,,*,**,,,,,,,,,,
###,*,,,**~~~~**,,**,**,,,,,,,,,,
..#,+,,,**,,,,+,,,,,,**,,,,,,,,,,
.##********************,,,,,,,,,,
####################***,,,,,,,,,,
.'...'.#.#.#§§.○§°§#,**,,,,,,,,,,
.#.).##.#.#.##§§§§§###***********
.#)).#.#.#.#.#§4@§§§°#*,,,,,,,+,,
.#...##.#@#.##§§@§§§☼#*,*******,,
▓▓▓▓▓#.#.#(#.#§§§☼°§☼#*,,,,,,,*,,
~~...##.#@#.##§°§°§§§#*******,*,,
≈♣♣*.+.#.#.#.#§§○§☼☼○#*,,,,,,,*,,
♣♣♣PP##(#.#.##########*+*********
♣♣♣##(#####**********,*,,,,,*,,
♣♣♣**#...+,~~~~**~,~~~**,*,,,,*~~
..#,,#...#,~~~~*~,~*~~*,*,*,,,*,,
.D#,,#...#,*~~~**,**~~*,,,,*,**,,


You could see Frances (fast, extremely poisoned) and a rust devil (summoned).

Vanquished Creatures
  Snorg (D)
  A centaur warrior (D)
  Urug (D)
  An orc knight (D)
  A lindwurm (D)
  A deep elf pyromancer (D)
  An orc sorcerer (D)
  2 cane toads (D)
  A rime drake (D)
  An unseen horror (D)
  A komodo dragon (D)
  3 wandering mushrooms (D)
  2 tyrant leeches (D)
  A queen bee (D)
  A shadow (D)
  3 redbacks (D)
  A swamp drake (D)
  2 orc warriors (D)
  2 centaurs (D)
  An earth elemental (D)
  A water elemental (D)
  A necrophage (D)
  32 killer bees (D)
  An electric eel (D)
  A jelly (D)
  2 orc priests (D)
  A wizard (D)
  Jessica (D)
  3 orc wizards (D)
  A necromancer (D)
  A kobold demonologist (D)
  3 humans (D)
  A wolf (D)
  8 orcs (D)
  An endoplasm (D)
  A goblin (D)
  2 rats (D)
89 creatures vanquished.

Notes
Turn   | Place    | Note
-------+----------+-------------------------------------------
     0 | D        | mhtbhm the Spriggan Brigand began the quest for the Orb.
     0 | D        | Reached XP level 1. HP: 10/10 MP: 2/2
    13 | D        | Reached skill level 6 in Stealth
    32 | D        | Reached skill level 7 in Stealth
    42 | D        | Noticed Jessica
    46 | D        | Killed Jessica
    47 | D        | Reached skill level 10 in Stealth
    47 | D        | Reached XP level 2. HP: 15/15 MP: 3/3
    47 | D        | Reached XP level 3. HP: 18/18 MP: 4/4
   173 | D        | Reached skill level 11 in Stealth
   295 | D        | Gained mutation: You passively map a small area around you.
                  | [potion of mutation]
   295 | D        | Gained mutation: You possess an exceptional clarity of
                  | mind. [potion of mutation]
   302 | D        | Noticed a water elemental
   304 | D        | Killed a water elemental
   305 | D        | Reached skill level 13 in Stealth
   305 | D        | Reached XP level 4. HP: 23/23 MP: 5/5
   316 | D        | Found a shadowy altar of Dithmenos.
   316 | D        | Noticed a necrophage
   317 | D        | Found a basalt altar of Yredelemnul.
   317 | D        | Found a sacrificial altar of Ru.
   319 | D        | Reached skill level 14 in Stealth
   319 | D        | Reached XP level 5. HP: 27/27 MP: 6/6
   320 | D        | Reached skill level 15 in Stealth
   327 | D        | Became a worshipper of Dithmenos the Shadowed
   340 | D        | Found a radiant altar of Vehumet.
   341 | D        | Found a shimmering blue altar of Sif Muna.
   341 | D        | Found an ancient bone altar of Kikubaaqudgha.
   343 | D        | Reached skill level 16 in Stealth
   343 | D        | Reached skill level 1 in Invocations
   359 | D        | Found a glowing silver altar of Zin.
   360 | D        | Found a glowing golden altar of the Shining One.
   360 | D        | Found a white marble altar of Elyvilon.
   360 | D        | Noticed a deep elf pyromancer
   384 | D        | Killed a deep elf pyromancer
   384 | D        | Reached * piety under Dithmenos
   385 | D        | Reached skill level 5 in Short Blades
   385 | D        | Reached skill level 19 in Stealth
   385 | D        | Reached XP level 6. HP: 29/32 MP: 7/10
   385 | D        | Reached XP level 7. HP: 33/36 MP: 7/11
   429 | D        | Found a hide-covered altar of Uskayaw.
   429 | D        | Found an iron altar of Okawaru.
   430 | D        | Found a bloodstained altar of Trog.
   430 | D        | Found an ornate altar of the Wu Jian Council.
   430 | D        | Noticed a human
   430 | D        | Noticed a human
   432 | D        | Killed a human
   433 | D        | Reached skill level 20 in Stealth
   433 | D        | Reached skill level 5 in Invocations
   433 | D        | Killed a human
   445 | D        | Noticed a shadow
   447 | D        | Killed a shadow
   447 | D        | Reached ** piety under Dithmenos
   448 | D        | Reached XP level 8. HP: 42/42 MP: 11/13
   452 | D        | Reached skill level 21 in Stealth
   453 | D        | Found a blossoming altar of Fedhas.
   453 | D        | Found a stormy altar of Qazlal.
   455 | D        | Found a snail-covered altar of Cheibriados.
   455 | D        | Found a burning altar of Makhleb.
   456 | D        | Found a shimmering altar of Xom.
   457 | D        | Found a hazy altar of Hepliaklqana.
   457 | D        | Found an opulent altar of Gozag.
   457 | D        | Found a sparkling altar of Nemelex Xobeh.
   457 | D        | Found a corrupted altar of Lugonu.
   457 | D        | Found a viscous altar of Jiyva.
   589 | D        | Noticed Snorg
   592 | D        | Killed Snorg
   593 | D        | Reached skill level 22 in Stealth
   622 | D        | Noticed a centaur warrior
   635 | D        | Killed a centaur warrior
   635 | D        | Reached *** piety under Dithmenos
   636 | D        | Reached skill level 5 in Dodging
   636 | D        | Reached skill level 23 in Stealth
   636 | D        | Reached XP level 9. HP: 33/46 MP: 15/15
   641 | D        | Reached skill level 1 in Armour
   641 | D        | Reached skill level 24 in Stealth
   814 | D        | Noticed an unseen horror
   833 | D        | Killed an unseen horror
   866 | D        | Noticed a queen bee
   867 | D        | Reached **** piety under Dithmenos
   867 | D        | Reached ***** piety under Dithmenos
   868 | D        | Reached ****** piety under Dithmenos
   869 | D        | Reached skill level 25 in Stealth
   932 | D        | Reached skill level 5 in Fighting
   932 | D        | Reached XP level 10. HP: 43/51 MP: 17/17
   937 | D        | Reached skill level 1 in Evocations
  1123 | D        | Found Oticyt's Antique Weapon Boutique.
  1125 | D        | Noticed an orc sorcerer
  1125 | D        | Noticed an orc knight
  1127 | D        | Killed an orc sorcerer
  1129 | D        | Killed an orc knight
  1130 | D        | Reached skill level 26 in Stealth
  1265 | D        | Reached skill level 10 in Invocations
  1278 | D        | Noticed a cane toad
  1278 | D        | Noticed a cane toad
  1282 | D        | Killed a cane toad
  1283 | D        | Killed a cane toad
  1299 | D        | Noticed a lindwurm
  1302 | D        | Killed a lindwurm
  1303 | D        | Reached skill level 27 in Stealth
  1303 | D        | Reached XP level 11. HP: 56/56 MP: 20/20
  1310 | D        | Noticed Urug
  1312 | D        | Killed Urug
  1316 | D        | Noticed a five-headed hydra
  1316 | D        | Noticed an eight-headed hydra
  1351 | D        | Reached skill level 10 in Short Blades
  1384 | D        | Noticed Donald
  1384 | D        | Noticed Frances
  1508 | D        | Demolished by Frances

Illustrated notes

Levels and vault maps discovered:
D:        dungeon_sprint_mu [sprint_mu_entry_cave, sprint_mu_temple_rooms,
          sprint_mu_d1_horrors, sprint_mu_d2_genie, sprint_mu_d3_branching,
          sprint_mu_orc_legion, sprint_mu_elf_gauntlet, sprint_mu_hive_nellie,
          sprint_mu_lair_fedhas, sprint_mu_vaults_butterflies,
          sprint_mu_slime_circle, sprint_mu_swamp_cave, sprint_mu_shoals_kraken,
          sprint_mu_blade_basic, sprint_mu_crypt_fortress,
          sprint_mu_tomb_spiral, sprint_mu_vestibule_basic,
          sprint_mu_gehenna_hellfire, sprint_mu_dis_giant,
          sprint_mu_tartarus_statrot, sprint_mu_cocytus_islands, sprint_mu_zot1]

Skill      XL: |  1  2  3  4  5  6  7  8  9 10 11 |
---------------+----------------------------------+-----
Stealth        | 10 13 14 19 20 23 25 27 | 27.0
Fighting       | 2 3 4 5 6 |  6.5
Short Blades   | 3 5 6 7 9 10 | 10.0
Throwing       | 3 6 7 8 9 |  9.8
Dodging        | 2 3 4 5 6 9 |  9.5
Invocations    | 4 5 7 9 11 | 11.5
Armour         | 2 3 4 |  4.1
Evocations     | 3 |  3.9

Action                   |  1- 3 |  4- 6 |  7- 9 | 10-12 || total
-------------------------+-------+-------+-------+-------++-------
Melee: Dagger            |    13 |     9 |    37 |    53 ||   112
Throw: Dart              |     6 |     6 |     6 |     6 ||    24
Evoke: Tin of tremorston |       |       |     4 |     3 ||     7
  Use: Potion            |     1 |     2 |     1 |     3 ||     7
       Scroll            |       |       |       |     5 ||     5
 Stab: Sleeping          |     4 |     4 |     6 |    16 ||    30
       Distracted        |       |       |       |     1 ||     1
Armor: Robe              |     1 |       |       |       ||     1
       Troll leather arm |       |       |     7 |     1 ||     8
Dodge: Dodged            |     6 |     2 |    48 |    45 ||   101

Table legend: (Time is in decaauts)
 A = Elapsed time spent in this place.
 B = Non-inter-level travel time spent in this place.
 C = Inter-level travel time spent in this place.
 D = Time resting spent in this place.
 E = Time spent auto-exploring this place.
 F = Levels seen in this place.
 G = Mean time per level.
                   A        B        C        D        E       F      G
               +--------+--------+--------+--------+--------+-----+--------+
         Total |   1236 |   1236 |      0 |    705 |     15 |   1 | 1236.0 |
       Dungeon |   1236 |   1236 |      0 |    705 |     15 |   1 | 1236.0 |
               +--------+--------+--------+--------+--------+-----+--------+

Top non-repeatable levels by time:
       D: 1236 daAuts
